 Dungeon Crawl Stone Soup version 0.31-a0-150-g89dc3ad700 (webtiles) character file.

Game seed: 3058566360894546998

18 Dittersdorf the Trooper (level 2, 0/19 HPs)
             Began as a Gargoyle Fighter on June 8, 2023.
             Frozen to death by an endoplasm (5 damage)
             ... on level 1 of the Dungeon.
             The game lasted 00:00:21 (311 turns).

Dittersdorf the Trooper (Gargoyle Fighter)           Turns: 311, Time: 00:00:21

Health: 0/19       AC:  9    Str: 19    XL:     2   Next: 66%
Magic:  2/2        EV:  9    Int:  8    God:
Gold:   27         SH:  4    Dex:  9    Spells: 1/1 levels left

rFire   . . .        a - +0 flail
rCold   . . .        c - +0 buckler
rNeg    + . .        b - +0 scale mail
rPois   ∞            (no helmet)
rElec   +            (no cloak)
rCorr   .            (no gloves)
SInv    .            (no boots)
Will    .....        (no amulet) Stlth
                     (no ring)
HPRegen 0.23/turn    (no ring)
MPRegen 0.08/turn

%: no passive effects
@: no status effects
A: sickness immunity, AC +2, negative energy resistance 1, electricity
resistance, torment resistance 1, petrification resistance
a: no special abilities


You were on level 1 of the Dungeon.
You visited 1 branch of the dungeon, and saw 1 of its levels.

You collected 27 gold pieces.

Inventory:

Hand Weapons
 a - a +0 flail (weapon)
Armour
 b - a +0 scale mail (worn)
 c - a +0 buckler (worn)
Potions
 d - a potion of might
 e - 2 potions of attraction {unknown}
 f - a potion of berserk rage {unknown}


   Skills:
 + Level 3.5 Fighting
 + Level 2.2 Maces & Flails
 + Level 3.5 Armour
 + Level 3.5 Shields


You had one spell level left.
You didn't know any spells.
Your spell library was empty.

Dungeon Overview and Level Annotations

Branches:
Dungeon (1/15)

Altars:


Innate Abilities, Weirdness & Mutations

You are immune to sickness and miasma.
Your stone body is resilient. (AC +2)
You are immune to poison.
You resist negative energy. (rN+)
You are resistant to electric shocks. (rElec)
You are resistant to unholy torment.
You are immune to petrification.


Message History

The ball python bites you but does no damage.
The ball python constricts you.
You hit the ball python.
The ball python is severely wounded.
The goblin hits you but does no damage. The ball python barely misses you.
The ball python constricts you.
You hit the ball python but do no damage.
The ball python is severely wounded.
The ball python closely misses you. The ball python constricts you.
The goblin hits you but does no damage.
The ball python bites you but does no damage.
The ball python constricts you. The goblin hits you with a +0 club.
You hit the ball python.
You kill the ball python!
The goblin closely misses you.
You sock the goblin!
You kill the goblin!
You closely miss the giant cockroach.
The giant cockroach bites you but does no damage. x2
You completely miss the giant cockroach.
The giant cockroach waves its antennae.
The giant cockroach barely misses you.
The giant cockroach bites you but does no damage.
You sock the giant cockroach!
You kill the giant cockroach!
You hit the rat but do no damage. The rat closely misses you.
You barely miss the rat. The rat closely misses you.
The rat completely misses you.
You sock the rat!
You kill the rat!
You hit the endoplasm.
The endoplasm is heavily wounded.
The endoplasm freezes you.
You are frozen.
* * * LOW HITPOINT WARNING * * *
You hit the endoplasm.
The endoplasm is severely wounded.
The endoplasm freezes you.
You are frozen.
You die...

#.#.....................##.#...†#
#.#.##########.#####.......##...#
#.#.##########.# #....#........
...............# #......###...#
#.#.#########..# #.#.#### ##..#
#.#.# #..#####.#.# #..# #.#.#
#........#.# #... #.#.#
#.##..####.# ##.. #.#.# #.##@##
#. #.. #.#.# #.##J# #.. #.#..
#.##w# #.##.# ).# #.#..#####.
..∩..♣..∩..8.$∩..
.................
........†........
..8..8..8..∩..8..


You could see a dart slug and an endoplasm.

Vanquished Creatures
  An endoplasm (D:1)
  A giant cockroach (D:1)
  3 hobgoblins (D:1)
  A kobold (D:1)
  2 quokkas (D:1)
  A ball python (D:1)
  A frilled lizard (D:1)
  4 goblins (D:1)
  2 rats (D:1)
16 creatures vanquished.

Notes
Turn   | Place    | Note
-------+----------+-------------------------------------------
     0 | D:1      | Dittersdorf the Gargoyle Fighter began the quest for the
                  | Orb.
     0 | D:1      | Reached XP level 1. HP: 14/14 MP: 1/1
   151 | D:1      | Reached XP level 2. HP: 13/19 MP: 2/2
   274 | D:1      | Found a faded altar of an unknown god.
   311 | D:1      | Frozen to death by an endoplasm

Illustrated notes

Levels and vault maps discovered:
D:1:      dpeg_arrival_simpleton_a, layout_loops_ring,
          hellmonk_ecumenical_altar_arch_garden

Action                     || total
---------------------------++-------
  Melee: Flail             ||    56
 Armour: Scale mail        ||    39
  Dodge: Dodged            ||    36
  Block: Buckler           ||    10

Table legend: (Time is in decaauts)
 A = Elapsed time spent in this place.
 B = Non-inter-level travel time spent in this place.
 C = Inter-level travel time spent in this place.
 D = Time resting spent in this place.
 E = Time spent auto-exploring this place.
 F = Levels seen in this place.
 G = Mean time per level.
                   A        B        C        D        E       F      G
               +--------+--------+--------+--------+--------+-----+--------+
         Total |    328 |    328 |      0 |      0 |    224 |   1 |  328.0 |
       Dungeon |    328 |    328 |      0 |      0 |    224 |   1 |  328.0 |
               +--------+--------+--------+--------+--------+-----+--------+

Top non-repeatable levels by time:
     D:1: 328 daAuts
